 Dungeon Crawl Stone Soup version 0.23-a0-650-ga4d50d4 (webtiles) character file.

97 Lilu the Ruffian (level 4, 0/45 HPs)
             Began as a Troll Berserker on Jan 4, 2019.
             Was a Believer of Trog.
             Slain by a sky beast (5 damage)
             ... on level 3 of the Dungeon.
             The game lasted 00:03:33 (1660 turns).

Lilu the Ruffian (Troll Berserker)                  Turns: 1660, Time: 00:03:34

Health: 0/45       AC:  5    Str: 25    XL:     4   Next: 42%
Magic:  3/3        EV: 10    Int:  5    God:    Trog [**....]
Gold:   141        SH:  0    Dex: 10    Spells: 3/3 levels left

rFire    . . .     SeeInvis .     - Unarmed
rCold    . . .     Gourm    +   (no shield)
rNeg     . . .     Faith    .   a - +0 animal skin
rPois    .         Spirit   .   (helmet restricted)
rElec    .         Reflect  .   (no cloak)
rCorr    .         Harm     .   (gloves unavailable)
MR       +....                  (boots unavailable)
Stlth    +.........             (no amulet)
HPRegen  0.55/turn              e - +2 ring of intelligence
MPRegen  0.08/turn              h - ring of protection from magic

@: berserk cooldown, slowed, very slow
A: large, unfitting armour, claws 3, fast metabolism 3, gourmand, regeneration
1, shaggy fur 1, tough skin 2
a: Berserk, Trog's Hand, Renounce Religion


You were on level 3 of the Dungeon.
You worshipped Trog.
Trog was pleased with you.
You were very full.

You visited 1 branch of the dungeon, and saw 3 of its levels.

You collected 141 gold pieces.

Inventory:

Armour
 a - a +0 animal skin (worn)
Jewellery
 e - a +2 ring of intelligence (left claw)
 h - a ring of protection from magic (right claw)
Wands
 k - a wand of random effects (12)
Scrolls
 c - 2 scrolls of magic mapping {unknown}
 d - a scroll of remove curse {unknown}
 g - 2 scrolls of immolation {unknown}
 j - a scroll of fog {unknown}
 l - 3 scrolls of identify {unknown}
 m - a scroll of teleportation {unknown}
 o - a scroll of noise {unknown}
Potions
 f - 2 potions of flight {unknown}
 i - a potion of cancellation {unknown}
 n - 2 potions of curing {unknown}
 p - a potion of haste
 q - a potion of brilliance {unknown}
Comestibles
 b - 5 rations


   Skills:
 + Level 3.2 Fighting
 + Level 3.2 Dodging
 + Level 3.8 Unarmed Combat


You had 3 spell levels left.
You didn't know any spells.
Your spell library was empty.

Dungeon Overview and Level Annotations

Branches:
Dungeon (3/15)

Altars:
Okawaru

Annotations:
D:3 Jessica


Innate Abilities, Weirdness & Mutations

You are too large for most types of armour.
You have claws for hands.
Your metabolism is lightning-fast.
You like to eat raw meat.
Your natural rate of healing is unusually fast.
You are covered in fur. (AC +1)
You have very tough skin. (AC +2)


Message History

The sky beast flickers out of sight!
Deactivating autopickup; reactivate with Ctrl-A.
You mangle the goblin!!
You kill the goblin!
Trog accepts your kill.
Jessica gestures wildly while chanting.
Jessica blinks!
You barely miss something. Something hits you but does no damage.
You miss something.
You are no longer berserk.
You are exhausted.
You feel as though you will be slow longer.
Something hits you.
* * * LOW HITPOINT WARNING * * *
Something shocks you.
* * * LOW HITPOINT WARNING * * *
You closely miss something. Something hits you.
* * * LOW HITPOINT WARNING * * *
Something shocks you.
You die...

# #. ##.. ....)
##....#################
......{@..............##
##.#.##############.....
##.รท...[ #<......
##...... ##..... #.####
#.# #.#


There were no monsters in sight!

Vanquished Creatures
  Natasha (D:3)
  2 gnolls (D:2)
  2 worms (D:2)
  2 leopard geckos
  2 orcs
  4 bats
  A giant cockroach (D:1)
  5 goblins
  7 hobgoblins (D:1)
  A jackal (D:3)
  A quokka (D:2)
  3 frilled lizards
  7 kobolds
  7 rats
45 creatures vanquished.

Notes
Turn   | Place    | Note
-------+----------+-------------------------------------------
     0 | D:1      | Lilu the Troll Berserker began the quest for the Orb.
     0 | D:1      | Reached XP level 1. HP: 22/22 MP: 0/0
   164 | D:1      | Reached XP level 2. HP: 27/29 MP: 1/1
   643 | D:2      | Reached XP level 3. HP: 30/36 MP: 2/2
   908 | D:2      | Reached ** piety under Trog
  1428 | D:2      | Found an iron altar of Okawaru.
  1621 | D:3      | Reached XP level 4. HP: 45/45 MP: 3/3
  1636 | D:3      | Noticed Natasha
  1637 | D:3      | Noticed Jessica
  1647 | D:3      | Noticed a sky beast
  1655 | D:3      | Killed Natasha
  1660 | D:3      | Slain by a sky beast

Vault maps used:
D:1:      dpeg_arrival_central
D:2:      first_ration, okawaru_altar_gauntlet_db
D:3:      grunt_ministairs_6, minmay_pentomino_pile, uniq_jessica, uniq_natasha,
          uniq_sigmund

Skill      XL: |  1  2  3 |
---------------+----------+-----
Dodging        | 3 |  3.2
Fighting       | 3 |  3.2
Unarmed Combat | |  3.8

Action                   |  1- 3 |  4- 6 || total
-------------------------+-------+-------++-------
Melee: Unarmed           |   114 |    22 ||   136
       Punch             |     2 |       ||     2
Invok: Berserk           |       |     1 ||     1
  Eat: Chunk             |    19 |     1 ||    20
Armor: Animal skin       |    44 |     2 ||    46
Dodge: Dodged            |    59 |     6 ||    65

Table legend:
 A = Non-vault XP
 B = Vault XP
 C = Vault XP percentage of total XP
 D = Non-vault monster count
 E = Vault monster count
 F = Vault count percentage of total count
                 A         B        C        D         E       F
            +---------+---------+-------+---------+---------+-------
      Total |      69 |      70 |  50.4 |      38 |       7 |  15.6
            +---------+---------+-------+---------+---------+-------
        D:1 |      33 |       0 |   0.0 |      19 |       0 |   0.0
        D:2 |      27 |      35 |  56.5 |      15 |       6 |  28.6
        D:3 |       9 |      35 |  79.5 |       4 |       1 |  20.0
            +---------+---------+-------+---------+---------+-------
